 Dungeon Crawl Stone Soup version 0.17-a0-528-gc205fd0 (webtiles) character file.

32184 Duskembrace the Impaler (level 13, -3/104 HPs)
             Began as a Merfolk Monk on Apr 12, 2015.
             Was the Champion of Fedhas.
             Killed from afar by an orc wizard (4 damage)
             ... with a puff of frost
             ... on level 4 of the Orcish Mines.
             The game lasted 01:26:14 (18889 turns).

Duskembrace the Impaler (Merfolk Monk)             Turns: 18889, Time: 01:26:15

Health: -3/104     AC: 14    Str: 16    XL:     13   Next: 62%
Magic:  16/18      EV: 32    Int:  9    God:    Fedhas [******]
Gold:   1221       SH:  0    Dex: 31    Spells: 0 memorised, 12 levels left

rFire  . . .     SeeInvis .     a - +3 halberd
rCold  . . .     Clarity  .     f - +3 leather armour
rNeg   . . .     SustAb   .     (no shield)
rPois  .         Gourm    .     O - +1 helmet
rElec  .         Spirit   .     T - +1 cloak
rCorr  .         Warding  .     d - +0 pair of gloves
rMut   .         Stasis   .     v - +0 pair of boots "Zove" {Str+3 Dex+4}
MR     .....                    n - amulet of rage
Stlth  +++.......               q - +5 ring of dexterity
                                F - +2 ring of protection

@: exhausted, very slightly contaminated, slowed, very slow, not resistant to
hostile enchantments, fairly stealthy
A: change form in water, swift swim, strong 1, placid magic 1
a: Evolution, Sunlight, Growth, Reproduction, Rain, Renounce Religion, Evoke
Berserk Rage


You were on level 4 of the Orcish Mines.
You worshipped Fedhas.
Fedhas was exalted by your worship.
You were very hungry.

You visited 4 branches of the dungeon, and saw 19 of its levels.
You also visited: Ossuary.

You collected 1287 gold pieces.
You spent 66 gold pieces at shops.

Inventory:

Hand weapons
 a - a +3 halberd (weapon)
 b - a +0 blowgun
Missiles
 m - 2 curare-tipped needles
 y - 77 poisoned needles
 z - 22 tomahawks
 C - 8 poisoned javelins (quivered)
 Q - a throwing net
Armour
 d - a +0 pair of gloves (worn)
 f - a +3 leather armour (worn)
 v - the +0 pair of boots "Zove" (worn) {Str+3 Dex+4}
   (You found it on level 4 of the Dungeon)

   It affects your strength (+3).
   It affects your dexterity (+4).
 O - a +1 helmet (worn)
 T - a +1 cloak (worn)
 X - a +1 ring mail of cold resistance
Jewellery
 k - an uncursed ring of magical power
 n - an amulet of rage (around neck)
 q - a +5 ring of dexterity (right hand)
 B - an uncursed ring of ice
 F - a +2 ring of protection (left hand)
 U - an uncursed ring of sustain abilities
Magical devices
 c - a wand of cold (15)
 N - a wand of polymorph (9)
 W - a wand of fireball (8)
 Z - a wand of slowing (29)
Scrolls
 i - 3 scrolls of amnesia {unknown}
 l - a scroll of acquirement {unknown}
 o - 2 scrolls of enchant weapon
 t - a scroll of teleportation
 w - a scroll of fog
 x - 2 scrolls of blinking
 M - 6 scrolls of enchant armour
 P - 2 scrolls of fear
 R - 3 scrolls of recharging
 S - a scroll of magic mapping
 V - 2 scrolls of remove curse
 Y - 3 scrolls of identify
Potions
 h - a potion of agility
 j - a potion of lignification
 p - 5 potions of magic
 s - 2 potions of restore abilities
 A - 4 potions of cancellation
 E - 4 potions of haste
 I - 2 potions of cure mutation {unknown}
 J - a potion of might
Books
 u - a book of Summonings

   Spells                             Type                      Level
   a - Abjuration                     Summoning                    3
   b - Recall                         Summoning/Translocation      3
   c - Shadow Creatures               Summoning                    5
   d - Summon Demon                   Summoning                    5
   e - Summon Forest                  Summoning/Translocation      5
   f - Monstrous Menagerie            Summoning                    6
 G - a book of Transfigurations

   Spells                             Type                      Level
   a - Stoneskin                      Transmutation/Earth          2
   b - Irradiate                      Conjuration/Transmutation    5
   c - Statue Form                    Transmutation/Earth          6
   d - Hydra Form                     Transmutation                6
   e - Dragon Form                    Transmutation                7
 K - a book of Cantrips

   Spells                             Type                      Level
   a - Corona                         Hexes                        1
   b - Animate Skeleton               Necromancy                   1
   c - Summon Small Mammal            Summoning                    1
   d - Apportation                    Translocation                1
Miscellaneous
 e - a stone of tremors
Comestibles
 D - 2 fruits
 L - 14 bread rations


   Skills:
 + Level 10.4 Fighting
 - Level 18.0 Polearms
 + Level 2.8 Throwing
 + Level 1.3 Armour
 + Level 16.0 Dodging
 - Level 2.1 Stealth
 - Level 4.3 Unarmed Combat
 * Level 7.6 Invocations
 + Level 5.9 Evocations


You had 12 spell levels left.
You didn't know any spells.

Dungeon Overview and Level Annotations

Branches:
Dungeon (12/15)            Temple (1/1) D:5            Lair (2/8) D:8
    Orc (4/4) D:10            Elf (0/3) Orc:3

Altars:
Ashenzari
Cheibriados
Dithmenos
Elyvilon
Fedhas
Gozag
Makhleb
Nemelex Xobeh
Okawaru
Qazlal
Ru
Sif Muna
Xom
Yredelemnul
Zin
Beogh

Shops:
D:6 }!


Innate Abilities, Weirdness & Mutations

You revert to your normal form in water.
You are very nimble and swift while swimming.
Your muscles are strong. (Str +2)
Your spells are a little easier to cast, but a little less powerful.


Message History

The orc priest looks braver.
An orc comes into view. It is wielding a flail.
An orc wizard comes into view. It is wielding a dagger.
The orc wizard shouts!
The sixfirhy completely misses you. The sixfirhy hits you.
* * * LOW HITPOINT WARNING * * *
The sixfirhy shocks you!
* * * LOW HITPOINT WARNING * * *
The orc priest calls upon Beogh to heal the orc sorcerer.
The orc sorcerer is healed somewhat.
The sixfirhy misses you. The orange demon misses you.
Drink which item? (? for menu, Esc to quit)
You feel better. The orange demon completely misses you. The sixfirhy hits you!
* * * LOW HITPOINT WARNING * * *
The sixfirhy shocks you!
* * * LOW HITPOINT WARNING * * *
The orc wizard casts a spell at you. The puff of frost hits you!
You die...
Fedhas appreciates your contribution to the ecosystem.

# ##4###.....#......
#######.)##...o........
##.##........o.......#
#.........#...o...##.##
##.##......#o..4.o...$##
..........#.#..#.o.....#.
)...........ยง###.4........
....#.......## ##4....o...
...###...... #@...o##...
....##.$..... ##....#
........... #...## .......
....# ...#.... ....#
#.#...... .. .....
......................
#........#......#.#..
..........#......#


You could see an orange demon, a sixfirhy, an orc sorcerer, an orc priest, an
orc wizard and an orc.

Vanquished Creatures
  An orc warlord (Orc:4)
  Azrael (D:12)
  Snorg (D:10)
  A hydra (D:12)
  Harold (D:10)
  The ghost of ZiggyStardust the Grappler, an experienced TrEE of Elyvilon (D:9)
  An orc high priest (Orc:4)
  2 unseen horrors
  Pikel (D:8)
  An orc sorcerer (Orc:4)
  2 ugly things
  An orc knight (Orc:4)
  3 hill giants
  A griffon (D:9)
  A cyclops (D:11)
  Maurice (D:8)
  A black mamba (Lair:1)
  2 centaur skeletons (D:12)
  The ghost of Duskembrace the Spear-Bearer, an experienced MfGl (D:6)
  2 spiny frogs (Lair:2)
  4 komodo dragons
  A merfolk (D:12)
  A boulder beetle (Orc:3)
  2 trolls (D:9)
  19 yaks
  2 fire elementals (D:12)
  7 hippogriffs
  3 hungry ghosts
  3 deep elf magi
  3 wraiths
  6 wolves (Lair:2)
  A soldier ant (D:12)
  4 wargs (Orc:4)
  5 water moccasins
  2 hell hounds (D:12)
  20 orc warriors
  5 sky beasts
  A black bear (D:10)
  3 ice beasts
  3 phantoms
  4 porcupines
  A wasp (D:12)
  7 ogres
  4 crocodiles
  A necrophage (D:12)
  6 centaurs
  A water moccasin zombie (D:8)
  5 giant frogs
  2 scorpions
  A wyvern zombie (D:9)
  13 wights
  19 killer bees
  A centaur zombie (D:12)
  3 goliath beetles
  4 giant frog zombies
  2 jellies
  10 crimson imps
  4 iguanas
  7 hounds
  25 orc wizards
  21 orc priests
  3 giant frog skeletons
  3 quasits
  A killer bee zombie (D:7)
  10 worker ants
  10 sheep
  A hound zombie (D:6)
  9 gnolls
  23 river rats
  3 worker ant zombies (D:10)
  11 adders
  A shadow imp (D:5)
  A white imp (Orc:4)
  4 worms
  An adder skeleton (D:7)
  2 adder zombies (Ossuary)
  2 oozes
  84 orcs
  2 ball pythons
  8 bats
  8 giant cockroaches
  11 goblins
  18 hobgoblins
  6 jackals (D:1)
  4 quokkas
  2 giant geckos
  2 giant gecko skeletons
  A giant gecko zombie (D:6)
  5 giant newts
  A hobgoblin skeleton (Ossuary)
  A hobgoblin zombie (Ossuary)
  15 kobolds
  2 kobold zombies (Ossuary)
  3 orc zombies (Ossuary)
  A quokka zombie (D:6)
  15 rats
  A rat zombie (D:6)
  A butterfly (D:2)
538 creatures vanquished.

Vanquished Creatures (collateral kills)
  A wandering mushroom (D:12)
  A giant spore (Orc:4)
2 creatures vanquished.

Vanquished Creatures (others)
  A wandering mushroom (Orc:4)
  An adder zombie (D:5)
  An orc (Orc:3)
  A ball python (D:5)
  4 fungi
  346 toadstools
354 creatures vanquished.

Grand Total: 894 creatures vanquished

Notes
Turn   | Place    | Note
--------------------------------------------------------------
     0 | D:1      | Duskembrace, the Merfolk Monk, began the quest for the Orb.
     0 | D:1      | Reached XP level 1. HP: 18/18 MP: 1/1
   337 | D:1      | Reached XP level 2. HP: 20/24 MP: 2/2
   555 | D:1      | Reached skill level 5 in Dodging
   994 | D:1      | Reached XP level 3. HP: 26/29 MP: 3/3
  1493 | D:1      | Reached skill level 6 in Dodging
  1644 | D:2      | Reached skill level 1 in Polearms
  1644 | D:2      | Reached XP level 4. HP: 25/35 MP: 4/4
  1815 | D:2      | Found a shimmering altar of Xom.
  2477 | D:2      | You fall through a shaft!
  2497 | D:3      | Reached XP level 5. HP: 36/41 MP: 5/5
  3012 | D:2      | Reached skill level 5 in Polearms
  3747 | D:4      | Reached XP level 6. HP: 44/47 MP: 6/6
  3792 | D:4      | Noticed an ogre
  3829 | D:4      | Killed an ogre
  3829 | D:4      | Reached skill level 7 in Polearms
  4000 | D:4      | Found a sparkling altar of Nemelex Xobeh.
  4000 | D:4      | Noticed an ogre
  4005 | D:4      | Killed an ogre
  4005 | D:4      | Reached skill level 8 in Polearms
  4010 | D:4      | Found an opulent altar of Gozag.
  4013 | D:4      | Found a snail-covered altar of Cheibriados.
  4018 | D:4      | Got a pair of spiked boots
  4029 | D:4      | Identified the cursed +0 pair of boots "Zove" {Str+3 Dex+4} (You found it on level 4 of the Dungeon)
  4361 | D:5      | Entered Level 5 of the Dungeon
  4424 | D:5      | Reached XP level 7. HP: 52/52 MP: 7/7
  4441 | D:5      | Reached skill level 9 in Polearms
  4679 | D:5      | Found a staircase to the Ecumenical Temple.
  4852 | D:5      | Found an iron altar of Okawaru.
  4859 | Temple   | Entered the Ecumenical Temple
  4874 | Temple   | Became a worshipper of Fedhas Madash
  4874 | Temple   | Acquired Fedhas's first power
  4874 | Temple   | Acquired Fedhas's second power
  5167 | D:5      | Reached skill level 10 in Polearms
  5240 | D:5      | Found a shattered altar of Ashenzari.
  5600 | D:5      | Reached skill level 11 in Polearms
  5632 | D:5      | Found a burning altar of Makhleb.
  5638 | D:5      | Reached XP level 8. HP: 46/58 MP: 8/8
  6295 | D:6      | Reached skill level 12 in Polearms
  6516 | D:6      | Found Pacoan's Gadget Boutique.
  6542 | D:6      | Found a sand-covered staircase.
  6549 | Ossuary  | Entered an ossuary
  6716 | Ossuary  | Noticed a flying skull
  6734 | Ossuary  | Reached skill level 13 in Polearms
  6837 | Ossuary  | Noticed a flying skull
  6924 | Ossuary  | Noticed a flying skull
  6926 | Ossuary  | Noticed a flying skull
  7049 | Ossuary  | Noticed a flying skull
  7123 | D:6      | Found Oliurir's Distillery.
  7148 | D:6      | Bought a potion of curing for 33 gold pieces
  7148 | D:6      | Bought a potion of curing for 33 gold pieces
  7489 | D:6      | Reached skill level 14 in Polearms
  7489 | D:6      | Reached XP level 9. HP: 58/64 MP: 9/9
  7498 | D:6      | Noticed Duskembrace's ghost (experienced MfGl)
  7764 | D:7      | Reached skill level 15 in Polearms
  8375 | D:7      | Reached skill level 16 in Polearms
  8479 | D:7      | Acquired Fedhas's third power
  8652 | D:8      | Noticed Maurice
  8682 | D:8      | Killed Maurice
  8704 | D:8      | Reached skill level 17 in Polearms
  8711 | D:8      | Reached XP level 10. HP: 61/70 MP: 10/10
  8728 | D:8      | Noticed Pikel
  8743 | D:8      | Killed Pikel
  8743 | D:8      | Reached skill level 18 in Polearms
  8743 | D:8      | Reached skill level 1 in Throwing
  8759 | D:8      | Found a staircase to the Lair.
  8775 | Lair:1   | Entered Level 1 of the Lair of Beasts
  8836 | Lair:1   | Reached skill level 1 in Evocations
  9218 | Lair:1   | You fall through a shaft!
  9248 | Lair:2   | Noticed a four-headed hydra
  9392 | Lair:2   | Acquired Fedhas's fourth power
  9770 | Lair:2   | Reached skill level 5 in Evocations
  9770 | Lair:2   | Reached XP level 11. HP: 53/75 MP: 14/14
 10252 | Lair:2   | Reached skill level 10 in Dodging
 10609 | Lair:2   | Reached skill level 1 in Invocations
 10630 | Lair:2   | Acquired Fedhas's fifth power
 10775 | Lair:1   | Gained mutation: Your muscles are strong. (Str +2) [potion of beneficial mutation]
 10813 | Lair:1   | Noticed a black mamba
 10820 | Lair:1   | Killed a black mamba
 11490 | D:9      | Noticed ZiggyStardust's ghost (experienced TrEE)
 11512 | D:9      | Killed ZiggyStardust's ghost
 11736 | D:9      | Reached skill level 5 in Fighting
 12047 | D:9      | Found a deep blue altar of Sif Muna.
 12192 | D:10     | Entered Level 10 of the Dungeon
 12475 | D:10     | Reached XP level 12. HP: 71/87 MP: 16/16
 12635 | D:10     | Noticed Snorg
 12657 | D:10     | HP: 3/132 [Snorg (10)]
 12659 | D:10     | Killed Snorg
 12935 | D:10     | Killed an unseen horror
 14089 | D:11     | Reached skill level 5 in Invocations
 14851 | D:12     | Noticed Azrael
 14893 | D:12     | Killed Azrael
 14933 | D:12     | Reached XP level 13. HP: 65/101 MP: 17/17
 15505 | D:12     | Noticed a five-headed hydra
 15507 | D:12     | Reached skill level 15 in Dodging
 15526 | D:12     | Killed a 14-headed hydra
 16665 | D:6      | Killed Duskembrace's ghost
 16820 | D:10     | Noticed Harold
 16838 | D:10     | Killed Harold
 16948 | D:10     | Found a staircase to the Orcish Mines.
 16953 | Orc:1    | Entered Level 1 of the Orcish Mines
 17235 | Orc:3    | Found a staircase to the Elven Halls.
 17836 | Orc:3    | Reached skill level 10 in Fighting
 17943 | Orc:4    | Entered Level 4 of the Orcish Mines
 18231 | Orc:4    | HP: 4/103 [orc warrior/glaive (27)]
 18595 | Orc:4    | Noticed an orc warlord
 18596 | Orc:4    | Found a roughly hewn altar of Beogh.
 18664 | Orc:4    | Killed an orc warlord
 18753 | Orc:4    | Reached skill level 1 in Armour
 18869 | Orc:4    | Gained mutation: Your spells are a little easier to cast, but a little less powerful. [a neqoxec]
 18889 | Orc:4    | HP: 1/104 [sixfirhy[an orc sorcerer] (8)]
 18889 | Orc:4    | Killed from afar by an orc wizard

Action                   |  1- 3 |  4- 6 |  7- 9 | 10-12 | 13-15 || total
-------------------------+-------+-------+-------+-------+-------++-------
Melee: Unarmed           |   134 |       |       |       |       ||   134
       Halberd           |     6 |    76 |   346 |   895 |   502 ||  1825
       Spear             |       |   234 |       |       |       ||   234
 Fire: Blowgun           |       |       |     3 |       |       ||     3
Throw: Javelin           |       |       |       |     7 |       ||     7
       Tomahawk          |       |       |       |     1 |       ||     1
Invok: Rain              |       |       |       |     1 |     1 ||     2
       Evolution         |       |       |       |       |     2 ||     2
       Reproduction      |       |       |       |       |     1 ||     1
 Abil: Evoke Berserk Rag |       |       |       |     5 |     5 ||    10
Evoke: Wand              |       |       |       |     1 |       ||     1
       Stone of tremors  |       |       |       |     1 |       ||     1
  Use: Scroll            |     4 |     3 |    14 |     3 |     3 ||    27
       Potion            |     1 |       |       |     3 |     6 ||    10
 Stab: Distracted        |     1 |     1 |       |     1 |     2 ||     5
       Sleeping          |       |     9 |    19 |    11 |     3 ||    42
       Confused          |       |       |       |       |     4 ||     4
       Invisible         |       |       |       |       |     4 ||     4
  Eat: Chunk             |     2 |     8 |     2 |       |       ||    12
       Beef jerky        |       |     1 |     1 |     1 |       ||     3
       Meat ration       |       |       |     3 |     3 |     1 ||     7
       Bread ration      |       |       |       |     1 |     1 ||     2
       Pizza             |       |       |       |     1 |       ||     1
       Royal jelly       |       |       |       |       |     3 ||     3
